 Dungeon Crawl Stone Soup version 0.28.0-53-g5a82cb258f (webtiles) character file.

Game seed: 18281145742023122886

464 styxcanada the Covert (level 6, -3/32 HPs)
             Began as a Spriggan Brigand on Aug 14, 2022.
             Killed by divine providence
             ... invoked by an orc priest
              (13 damage)
             ... on level 5 of the Dungeon.
             The game lasted 00:21:32 (6275 turns).

styxcanada the Covert (Spriggan Brigand)            Turns: 6275, Time: 00:21:33

Health: -3/32      AC:  3    Str:  7    XL:     6   Next: 80%
Magic:  8/8        EV: 18    Int: 12    God:
Gold:   157        SH:  0    Dex: 19    Spells: 4/7 levels left

rFire   . . .      SeeInvis +   o - +0 hunting sling
rCold   . . .      Faith    .   (no shield)
rNeg    . . .      Spirit   .   b - +0 robe
rPois   .          Reflect  .   (helmet restricted)
rElec   .          Harm     .   c - +0 cloak
rCorr   .          Rampage  .   (gloves unavailable)
Will    +....                   (boots unavailable)
Stlth   ++++......              (no amulet)
HPRegen 0.10/turn               (no ring)
MPRegen 0.11/turn               (no ring)

@: very quick
A: very small, no large weapons, unfitting armour, see invisible, speed 3
a: no special abilities


You were on level 5 of the Dungeon.
You visited 1 branch of the dungeon, and saw 5 of its levels.

You collected 157 gold pieces.

Inventory:

Hand Weapons
 a - a +2 dagger
 i - a +0 antimagic dagger
 o - a +0 hunting sling (weapon)
Missiles
 d - 6 poisoned darts
 e - 2 curare-tipped darts
 j - 25 sling bullets (quivered ammo)
 k - 171 stones
 n - 6 atropa-tipped darts
Armour
 b - a +0 robe (worn)
 c - a +0 cloak (worn)
Magical Staves
 s - a staff of air
Jewellery
 h - an amulet of guardian spirit
Scrolls
 l - 2 scrolls of teleportation
 q - a scroll of immolation
Potions
 f - 2 potions of flight
 g - a potion of haste
 m - a potion of brilliance
 p - a potion of curing


   Skills:
 * Level 2.6 Fighting
 + Level 3.2 Short Blades
 + Level 2.3(3.1) Slings
 + Level 2.6(2.9) Throwing
 * Level 3.5 Dodging
 * Level 9.0 Stealth
 * Level 1.0 Spellcasting
 * Level 1.0 Hexes
 * Level 1.1 Evocations


You had 4 spell levels left.
You knew the following spells:

 Your Spells              Type           Power      Damage    Failure   Level
a - Confusing Touch       Hex            3%         N/A       52%         3

Your spell library contained the following spells:

 Spells                   Type           Power      Damage    Failure   Level
 Slow                     Hex            12%        N/A       21%         1
 Animate Skeleton         Necr           0%         N/A       30%         1
 Pain                     Necr           0%         1d4       30%         1
 Shock                    Conj/Air       0%         1d3       30%         1
 Tukima's Dance           Hex            3%         N/A       52%         3
 Frozen Ramparts          Ice            0%         1d2       65%         3
 Swiftness                Air            0%         N/A       65%         3
 Vampiric Draining        Necr           0%         2d6       65%         3
 Anguish                  Hex/Necr       0%         N/A       94%         4
 Airstrike                Air            0%         N/A       96%         4
 Ice Form                 Ice/Tmut       0%         N/A       96%         4
 Summon Ice Beast         Ice/Summ       0%         N/A       96%         4
 Enfeeble                 Hex            1%         N/A       100%        7


Dungeon Overview and Level Annotations

Branches:
Dungeon (5/15)
 Temple: D:4-7

Altars:
Uskayaw
Wu Jian
Yredelemnul

Shops:
D:1 [

Annotations:
D:3 3 runed translucent doors, BuzzyBeetle's ghost, weakling KoBr; Valamore's ghost, amateur HOMo


Innate Abilities, Weirdness & Mutations

You are very small and have problems with some larger weapons.
You are too small for most types of armour.
You have supernaturally acute eyesight. (SInv)
You cover ground extremely quickly. (Speed+++)


Message History

The sling bullet barely misses the phantom.
You see here a sling bullet.
Fire: 28 sling bullets
Press: ? - help, Q - select action, (/) - cycle Shift-Dir - straight line, f/p - phantom
Aim: a phantom (severely damaged, 53% to hit)
You shoot a sling bullet. The sling bullet hits the phantom.
The phantom is almost destroyed.
Fire: 27 sling bullets
Press: ? - help, Q - select action, (/) - cycle Shift-Dir - straight line, f/p - phantom
Aim: a phantom (almost destroyed, 53% to hit)
You shoot a sling bullet. The sling bullet misses the phantom.
Unknown command.
You see here a sling bullet.
j - 27 sling bullets (gained 1)
You see here a sling bullet.
You see here a sling bullet.
Fire: 27 sling bullets
Press: ? - help, Q - select action, (/) - cycle Shift-Dir - straight line, f/p - phantom
Aim: a phantom (severely damaged, 53% to hit)
You shoot a sling bullet.
The sling bullet hits the phantom but does no damage.
The phantom is severely damaged.
You see here a sling bullet.
The orc priest shouts!
The orc priest mumbles some strange prayers to Beogh against you.
Pain shoots through your body!
* * * LOW HITPOINT WARNING * * *
The orc shouts!
Unknown command.
You see here a +1 dagger of venom.
You see here 2 sling bullets.
You see here 2 sling bullets.
Fire: 26 sling bullets
Press: ? - help, Q - select action, (/) - cycle Shift-Dir - straight line, f - orc priest
Aim: an orc priest, wielding a +0 short sword and wearing a +0 ring mail (66% to hit)
You shoot a sling bullet.
The sling bullet barely misses the orc priest.
The orc priest mumbles some strange prayers to Beogh against you.
Beogh smites you!
You die...

### #### #.. ..#
#.#####.#####
###.##...[....#
#.............#
..#.###.#.##..#
#......(##..#
#####.##(...#####
#.##.#(...@(#
#####..o...####(#
#.....##.#.####.#
##....)##......#.#
#.......###.##.#.#######
#.....o.# #.##.#.......#
#.......###((....#####..
##........#####.###
##....oW..# #(#


You could see an orc priest.

Vanquished Creatures
  A wyvern zombie (D:3)
  A howler monkey (D:4)
  2 hounds (D:4)
  A jelly (D:4)
  An orc wizard (D:3)
  Natasha (twice) (D:2)
  A killer bee zombie (D:4)
  A hound skeleton (D:4)
  Robin (D:2)
  A howler monkey skeleton (D:4)
  4 adders
  4 worms
  A dart slug (D:3)
  10 orcs
  5 bats
  11 endoplasms
  3 giant cockroaches
  12 goblins
  8 hobgoblins
  8 jackals
  2 quokkas
  7 ball pythons
  A frilled lizard (D:3)
  4 kobolds
  5 rats
97 creatures vanquished.

Notes
Turn   | Place    | Note
-------+----------+-------------------------------------------
     0 | D:1      | styxcanada the Spriggan Brigand began the quest for the
                  | Orb.
     0 | D:1      | Reached XP level 1. HP: 10/10 MP: 2/2
    49 | D:1      | Found a faded altar of an unknown god.
    55 | D:1      | Reached skill level 6 in Stealth
   387 | D:1      | Reached XP level 2. HP: 8/15 MP: 3/3
  1207 | D:1      | Reached XP level 3. HP: 18/18 MP: 4/4
  1467 | D:1      | Found Faxkoaxo's Antique Armour Shoppe.
  1628 | D:2      | Noticed Robin
  1633 | D:2      | Reached skill level 7 in Stealth
  1707 | D:2      | Killed Robin
  2376 | D:2      | Noticed Natasha
  2378 | D:2      | Killed Natasha
  2379 | D:2      | Reached XP level 4. HP: 23/23 MP: 5/5
  2797 | D:2      | Noticed Natasha
  2811 | D:2      | Killed Natasha
  2956 | D:3      | Reached XP level 5. HP: 25/27 MP: 6/6
  3024 | D:3      | Found a basalt altar of Yredelemnul.
  3037 | D:3      | Reached skill level 8 in Stealth
  3589 | D:3      | Found a runed translucent gate.
  3589 | D:3      | Found a runed translucent gate.
  3590 | D:3      | Found a runed translucent gate.
  3591 | D:3      | Noticed BuzzyBeetle's ghost (weakling KoBr)
  3591 | D:3      | Noticed Valamore's ghost (amateur HOMo)
  3948 | D:3      | Reached skill level 1 in Slings
  4331 | D:3      | Reached XP level 6. HP: 32/32 MP: 7/7
  4549 | D:3      | Found an ornate altar of the Wu Jian Council.
  4555 | D:3      | Noticed a spectral centipede
  4555 | D:3      | Noticed a spectral black mamba
  4555 | D:3      | Noticed a spectral cane toad
  5116 | D:4      | Learned a level 3 spell: Confusing Touch
  5490 | D:4      | Found a hide-covered altar of Uskayaw.
  5529 | D:4      | Reached skill level 9 in Stealth
  5826 | D:4      | Reached skill level 1 in Spellcasting
  5826 | D:4      | Reached skill level 1 in Hexes
  5826 | D:4      | Reached skill level 1 in Evocations
  6082 | D:5      | Entered Level 5 of the Dungeon
  6275 | D:5      | Killed from afar by an orc priest

Illustrated notes

Levels and vault maps discovered:
D:1:      heliophobic_arrival_battle_scene, layout_basic, serial_shops,
          nicolae_square_shop, hellmonk_ecumenical_altar_slurped_away, hex_tiny,
          minmay_statues_item, minivault_19
D:2:      layout_basic, bh_walls_and_bars, uniq_robin, uniq_natasha
D:3:      layout_basic, mainiacjoe_overflow_alcove_4,
          pdpol_wu_jian_five_deadly_venoms, gammafunk_ghost_cemetery,
          minmay_close_crescents
D:4:      nicolae_cairo_tiling, layout_basic, mainiacjoe_overflow_tiny_flanked,
          uniq_ijyb
D:5:      layout_loops_cross, grunt_ministairs_9, minivault_19, uniq_duvessa

Skill      XL: |  1  2  3  4  5  6 |
---------------+-------------------+-----
Stealth        | 6 7 8 9 |  9.0
Fighting       | 2 |  2.6
Dodging        | 2 3 |  3.5
Short Blades   | 3 |  3.2
Slings         | 1 2 |  2.3
Spellcasting   | 1 |  1.0
Hexes          | 1 |  1.0
Evocations     | 1 |  1.1
Throwing       | |  2.6

Action                   |  1- 3 |  4- 6 || total
-------------------------+-------+-------++-------
Melee: Dagger            |   100 |   216 ||   316
       Punch             |       |     2 ||     2
 Fire: Hunting sling     |       |    51 ||    51
Throw: Dart              |    20 |    35 ||    55
       Stone             |     3 |     1 ||     4
  Use: Scroll            |       |     7 ||     7
 Stab: Sleeping          |    13 |    22 ||    35
       Distracted        |       |     1 ||     1
Armor: Robe              |    21 |    16 ||    37
Dodge: Dodged            |    74 |   151 ||   225
